 Dungeon Crawl Stone Soup version 0.17-a0-1139-g49cbdf8 (console) character file.

34 Monkaria the Skirmisher (level 3, -1/30 HPs)
             Began as a Demonspawn Chaos Knight on May 26, 2015.
             Slain by an adder (2 damage)
             ... on level 1 of the Dungeon.
             The game lasted 00:01:20 (1207 turns).

Monkaria the Skirmisher (Demonspawn Chaos Knight)   Turns: 1207, Time: 00:01:21

Health: -1/30      AC:  6    Str: 13      XL:     3   Next: 14%
Magic:  3/3        EV: 11    Int: 13      God:    Xom [..*...]
Gold:   31         SH:  0    Dex: 10 (12) Spells: 0 memorised, 2 levels left

rFire  . . .     SeeInvis .     a - +0 falchion (chaos)
rCold  . . .     Clarity  .     b - +2 leather armour
rNeg   . . .     SustAt   .     (no shield)
rPois  .         Gourm    .     (no helmet)
rElec  .         Spirit   .     o - +0 cloak
rCorr  .         Warding  .     (no gloves)
rMut   .         Stasis   .     (no boots)
MR     .....                    (no amulet)
Stlth  +.........               (no ring)
                                (no ring)

@: lethally poisoned (-1 -> -15), not resistant to hostile enchantments, very
unstealthy
A: powered by pain 1
a: Renounce Religion


You were on level 1 of the Dungeon.
You worshipped Xom.
You were a toy of Xom.
You were very hungry.

You visited 1 branch of the dungeon, and saw 2 of its levels.

You collected 31 gold pieces.

Inventory:

Hand weapons
 a - a +0 falchion of chaos (weapon)
Armour
 b - a +2 leather armour (worn)
 o - a +0 cloak (worn)
Scrolls
 d - a scroll of enchant weapon {unknown}
 f - a scroll of identify {unknown}
 g - a scroll of blinking {unknown}
 h - a scroll of immolation {unknown}
 i - 2 scrolls of recharging {unknown}
 k - a scroll of random uselessness {unknown}
 n - a scroll of enchant armour {unknown}
Potions
 e - a potion of cure mutation
 l - a potion of degeneration
 m - a potion of invisibility {unknown}
Comestibles
 c - a bread ration
 j - a slice of pizza


   Skills:
 - Level 4.1 Fighting
 - Level 2.6 Long Blades
 + Level 2.0 Armour
 - Level 0.8 Dodging


You had 2 spell levels left.
You didn't know any spells.

Dungeon Overview and Level Annotations

Branches:
Dungeon (2/15)

Altars:


Innate Abilities, Weirdness & Mutations

You sometimes gain a little power by taking damage.


Message History

You miss the adder.
The adder is heavily wounded.
* * * LOW HITPOINT WARNING * * *
You feel sick. The adder bites you.
* * * LOW HITPOINT WARNING * * *
You are more poisoned.
The adder poisons you! The adder bites you but does no damage.
Drink which item? (? for menu, Esc to quit)
It was a potion of cure mutation.
It has a very clean taste.
Xom is highly amused!
* * * LOW HITPOINT WARNING * * *
You feel sick. The adder closely misses you.
Drink which item? (? for menu, Esc to quit)
It was a potion of degeneration.
There was something very wrong with that liquid.
You feel clumsy.
Xom thinks this is hilarious!
* * * LOW HITPOINT WARNING * * *
You feel sick. The adder bites you.
You die...

#.# #.# #######.# #
#########.......## #
#.............)..###
#..######.........##
#..##...............
#..##.###.......####
#..@SK..........#
#.###.###.......#
#...............##
#####.########...##
###.# ##.....##
#####...## ##.......#
#.....>..####.........
#.###.......'.........
#.# #>...####.........


You could see an adder and a kobold.

Vanquished Creatures
  An ooze (D:1)
  A giant gecko (D:1)
  3 bats (D:1)
  3 giant cockroaches
  3 goblins (D:1)
  3 hobgoblins (D:1)
  3 jackals (D:1)
  A giant newt (D:1)
  3 kobolds (D:1)
  4 rats (D:1)
25 creatures vanquished.

Notes
Turn   | Place    | Note
--------------------------------------------------------------
     0 | D:1      | Monkaria the Demonspawn Chaos Knight began the quest for the Orb.
     0 | D:1      | Reached XP level 1. HP: 18/18 MP: 1/1
   141 | D:1      | XOM: harmless Ice miscast
   150 | D:1      | XOM: divination: magic mapping
   194 | D:1      | Gained mutation: You sometimes gain a little power by taking damage. [demonic ancestry]
   194 | D:1      | Reached XP level 2. HP: 6/24 MP: 2/2
   623 | D:1      | Reached skill level 4 in Fighting
   784 | D:1      | Reached XP level 3. HP: 16/30 MP: 3/3
  1199 | D:2      | XOM: smoke on damage
  1207 | D:1      | HP: 1/30 [poisoned by an adder]
  1207 | D:1      | Slain by an adder

Vault maps used:
D:1:      scummos_arrival_simple_fountains, minmay_misc_feat_cross,
          minmay_tree_intersection
D:2:      lemuel_crystal_altar, grunt_temple_overflow_diamond, first_bread,
          kennysheep_generic_room_7

Action                   || total
-------------------------++-------
Melee: Falchion          ||   105
  Use: Potion            ||     2
 Stab: Paralysed         ||     2
